 Dungeon Crawl Stone Soup version 0.30.1-8-g117510f58f (webtiles) character file.

Game seed: 2567038179613705221

179 eliilek the Covered (level 5, -7/47 HPs)
             Began as a Minotaur Fighter on Sept 23, 2023.
             Mangled by a goblin
             ... wielding a +0 dagger of electrocution
             ... led by Robin
              (16 damage)
             ... on level 3 of the Dungeon.
             The game lasted 00:07:09 (1834 turns).

eliilek the Covered (Minotaur Fighter)              Turns: 1834, Time: 00:07:10

Health: -7/47      AC: 16    Str: 21    XL:     5   Next: 32%
Magic:  4/4        EV:  7    Int:  5    God:
Gold:   94         SH:  8    Dex: 11    Spells: 4/4 levels left

rFire   + . .        a - +0 flail
rCold   + . .        s - +0 kite shield
rNeg    . . .        f - +0 gold dragon scales
rPois   +            (helmet restricted)
rElec   .            (no cloak)
rCorr   .            (no gloves)
SInv    .            t - +0 pair of boots
Will    .....        (no amulet) Stlth
                     b - +5 ring of evasion
HPRegen 0.27/turn    (no ring)
MPRegen 0.09/turn

%: no passive effects
@: no status effects
A: horns 2, retaliatory headbutt
a: no special abilities


You were on level 3 of the Dungeon.
You visited 1 branch of the dungeon, and saw 3 of its levels.

You collected 94 gold pieces.

Inventory:

Hand Weapons
 a - a +0 flail (weapon)
Missiles
 i - 7 poisoned darts (quivered)
Armour
 f - +0 gold dragon scales (worn)
 s - a +0 kite shield (worn)
 t - a +0 pair of boots (worn)
Jewellery
 b - a +5 ring of evasion (left hand)
Scrolls
 e - 4 scrolls of teleportation {unknown}
 h - 3 scrolls of identify {unknown}
 j - a scroll of fear {unknown}
 k - a scroll of blinking {unknown}
 q - a scroll of noise {unknown}
 u - 3 scrolls of enchant armour {unknown}
 v - a scroll of immolation {unknown}
 x - 2 scrolls of fog {unknown}
Potions
 c - a potion of ambrosia {unknown}
 d - a potion of might
 g - a potion of cancellation {unknown}
 l - 2 potions of brilliance {unknown}
 m - a potion of attraction {unknown}
 n - a potion of invisibility {unknown}
 o - 2 potions of haste {unknown}
 p - 2 potions of mutation {unknown}
 r - a potion of heal wounds {unknown}
 w - a potion of resistance {unknown}
 z - a potion of degeneration {unknown}


   Skills:
 + Level 4.6 Fighting
 + Level 3.7 Maces & Flails
 * Level 5.2 Armour
 + Level 4.7 Shields


You had 4 spell levels left.
You didn't know any spells.
Your spell library was empty.

Dungeon Overview and Level Annotations

Branches:
Dungeon (3/15)

Altars:
Hepliaklqana
Uskayaw

Shops:
D:2 *

Annotations:
D:3 Robin


Innate Abilities, Weirdness & Mutations

You have a pair of horns on your head.
You reflexively headbutt those who attack you in melee.


Message History

Robin shouts!
The goblin shouts! x3
Robin throws the goblin at you! The goblin hits you but does no damage.
You sock the goblin!
You kill the goblin!
Robin throws the goblin at you! You block the goblin's attack.
The goblin hits you but does no damage.
Robin's horned helmet rattles.
The goblin barely misses you. The goblin hits you but does no damage.
You hit the goblin. You headbutt the goblin.
You kill the goblin!
Robin roars a battlecry!
The goblins go into a battle-frenzy!
The goblin unwields a +0 club.
The goblin wields a +0 sling.
The goblin shoots a sling bullet.
You block the sling bullet.
You hit the goblin.
The goblin is severely wounded.
The goblin hits you but does no damage.
The goblin shoots a sling bullet.
You block the sling bullet.
You hit the goblin.
You kill the goblin!
The goblin shoots a sling bullet.
You block the sling bullet. Robin throws the goblin at you!
The goblin hits you but does no damage.
You are electrocuted!
You completely miss the goblin. The goblin hits you but does no damage.
The goblin unwields a +0 sling.
The goblin wields a +0 club.
The goblin hits you but does no damage.
You closely miss the goblin.
The goblin hits you but does no damage. x2
You barely miss the goblin.
The goblin hits you with a +0 dagger of electrocution.
The goblin hits you but does no damage. x2
You closely miss the goblin. You block the goblin's attack. x2
The goblin hits you but does no damage.
You hit the goblin.
The goblin is severely wounded.
Robin throws the goblin at you! The goblin hits you but does no damage.
You are electrocuted!
The goblin hits you with a +0 club.
* * * LOW HITPOINT WARNING * * *
The goblin attacks as you move away! The goblin hits you but does no damage.
You are electrocuted!
You die...

..8.# .# ...........# ##
....##.#### #########..##
..8........ #..# ....##..###
#..# #...# .# ###)##..#
##...#..### #########
........... #g.g.....
##...######.####@########
##.## #....g......... #.#
######)######## #.### #.#
#...# #.# ##### ###.# #.#
#.... #.# ###.### #######.###
#.########[....# #..........
#.#............####.#####.##.


You could see Robin and 2 goblins.

Vanquished Creatures
  Natasha (thrice) (D:2)
  2 adders (D:2)
  4 worms (D:2)
  2 dart slugs
  7 ball pythons
  5 bats
  4 endoplasms
  3 giant cockroaches
  10 goblins
  12 hobgoblins
  5 quokkas
  A frilled lizard (D:1)
  3 kobolds
  4 rats
65 creatures vanquished.

Notes
Turn   | Place    | Note
-------+----------+-------------------------------------------
     0 | D:1      | eliilek the Minotaur Fighter began the quest for the Orb.
     0 | D:1      | Reached XP level 1. HP: 19/19 MP: 0/0
    71 | D:1      | Reached XP level 2. HP: 27/27 MP: 1/1
   213 | D:1      | Reached skill level 4 in Armour
   302 | D:1      | Reached XP level 3. HP: 33/33 MP: 2/2
   700 | D:2      | Found a hazy altar of Hepliaklqana.
   813 | D:2      | Noticed Natasha
   827 | D:2      | Killed Natasha
   828 | D:2      | Reached XP level 4. HP: 11/40 MP: 3/3
  1123 | D:2      | Found Athroahio's Assorted Antiques.
  1126 | D:2      | Noticed Natasha
  1137 | D:2      | Killed Natasha
  1140 | D:2      | Reached skill level 5 in Armour
  1262 | D:2      | Noticed Natasha
  1265 | D:2      | Killed Natasha
  1266 | D:2      | Reached XP level 5. HP: 41/47 MP: 4/4
  1552 | D:3      | Found a hide-covered altar of Uskayaw.
  1824 | D:3      | Noticed Robin
  1834 | D:3      | Mangled by a goblin

Illustrated notes

Levels and vault maps discovered:
D:1:      lemuel_arrival_behind_the_door_small, layout_basic, minivault_26,
          minmay_pentomino_w4
D:2:      layout_loops_ring, basic_altar, serial_shops, shop,
          nicolae_half_adder, uniq_natasha
D:3:      layout_loops_ring, eat_drink_and_be_merry_uskayaw,
          minmay_misc_feat_alley, chequers_serial_rivers_room_b,
          grunt_decor_junction, uniq_robin

Skill      XL: |  1  2  3  4 |
---------------+-------------+-----
Shields        | 4 |  4.7
Armour         | 4 5 |  5.2
Maces & Flails | 3 |  3.7
Fighting       | 4 |  4.6

Action                     |  1- 3 |  4- 6 || total
---------------------------+-------+-------++-------
  Melee: Flail             |   102 |    64 ||   166
         Headbutt          |    10 |     8 ||    18
 Armour: Scale mail        |    11 |       ||    11
         Gold dragon scale |    60 |    48 ||   108
  Dodge: Dodged            |    32 |    30 ||    62
  Block: Buckler           |    24 |       ||    24
         Kite shield       |       |    25 ||    25
